 Dungeon Crawl Stone Soup version 0.31-a0-1237-gabc64e778c (webtiles) character file.

Game seed: 11187402176893356546

465 Inarius the Chopper (level 7, -8/61 HPs)
             Began as a Hill Orc Cinder Acolyte on Dec 15, 2023.
             Was an Elder of Ignis.
             Mangled by Duvessa
             ... wielding a +0 short sword
              (11 damage)
             ... on level 3 of the Dungeon.
             The game lasted 00:04:36 (2837 turns).

Inarius the Chopper (Hill Orc Cinder Acolyte)       Turns: 2837, Time: 00:04:37

Health: -8/61      AC:  9    Str: 17 (19) XL:     7   Next: 8%
Magic:  8/8        EV:  7    Int: 12 (14) God:    Ignis [****..]
Gold:   138        SH:  0    Dex:  4 (6)  Spells: 8/8 levels left

rFire   + + .        a - -1 hand axe (flame)
rCold   . . .        (no shield)
rNeg    . . .        o - +0 chain mail
rPois   .            (no helmet)
rElec   .            (no cloak)
rCorr   .            (no gloves)
SInv    .            (no boots)
Will    .....        (no amulet) Stlth
                     f - ring of protection from fire
HPRegen 0.30/turn    (no ring)
MPRegen 0.11/turn

%: no passive effects
@: lit by a corona, silenced, glowing, invisible (but backlit and visible)
A: no striking features
a: Renounce Religion


You were on level 3 of the Dungeon.
You worshipped Ignis.
Ignis was greatly pleased with you.
You visited 1 branch of the dungeon, and saw 4 of its levels.

You collected 138 gold pieces.

Inventory:

Hand Weapons
 a - a -1 hand axe of flaming (weapon)
 n - a +0 war axe
Armour
 o - a +0 chain mail (worn)
Jewellery
 f - a ring of protection from fire (left hand)
Scrolls
 c - a scroll of enchant armour {unknown}
 d - 2 scrolls of noise {unknown}
 i - 2 scrolls of identify {unknown}
 l - a scroll of amnesia {unknown}
 r - a scroll of teleportation {unknown}
Potions
 b - a potion of attraction {unknown}
 e - a potion of invisibility
 g - 2 potions of berserk rage {unknown}
 h - a potion of degeneration
 j - 2 potions of enlightenment {unknown}
 m - a potion of curing {unknown}
 p - 3 potions of heal wounds {unknown}
 q - a potion of brilliance {unknown}
 s - a potion of might {unknown}


   Skills:
 + Level 5.2 Fighting
 * Level 7.5 Axes
 + Level 3.4 Armour
 + Level 1.5 Dodging
 + Level 1.0 Spellcasting
 + Level 3.3 Fire Magic


You had 8 spell levels left.
You didn't know any spells.
Your spell library contained the following spells:

 Spells                   Type           Power      Damage    Failure   Level
 Scorch                   Fire           16%        2d5       75%         2
 Slow                     Hex            0%         N/A       97%         1
 Sublimation of Blood     Necr           0%         N/A       99%         2
 Wereblood                Tmut           0%         N/A       99%         2
 Confusing Touch          Hex            0%         N/A       100%        3
 Sigil of Binding         Hex            0%         N/A       100%        3
 Vampiric Draining        Necr           0%         2d6       100%        3
 Summon Hydra             Summ           0%         N/A       100%        7


Dungeon Overview and Level Annotations

Branches:
Dungeon (4/15)
 Temple: D:4-7

Altars:
Fedhas
Uskayaw
Xom

Annotations:
D:3 Duvessa


Message History

Dowan is severely wounded.
You hit Duvessa. You burn Duvessa.
Dowan points at you and mumbles some strange words.
You are outlined in light.
Duvessa hits you with a +0 short sword.
Unknown command.
It was a potion of invisibility.
You become transparent, but the glow from your corona prevents you from becoming completely invisible.
Dowan hits you but does no damage. Duvessa hits you with a +0 short sword!
* * * LOW HITPOINT WARNING * * *
You hit Dowan but do no damage.
Dowan is severely wounded.
You hit Duvessa but do no damage. Dowan hits you but does no damage.
Unknown command.
You hit Dowan. You burn Dowan.
Dowan is almost dead.
You hit Duvessa but do no damage. Duvessa hits you with a +0 short sword.
* * * LOW HITPOINT WARNING * * *
Dowan hits you but does no damage.
Unknown command.
You barely miss Dowan.
Dowan is almost dead.
You hit Duvessa. You burn Duvessa. Duvessa hits you but does no damage.
Dowan hits you with a +0 dagger.
* * * LOW HITPOINT WARNING * * *
Unknown command.
You slash Dowan! You burn Dowan.
You kill Dowan!
Duvessa screams, "No!
How DARE you!"
Duvessa goes berserk!
You hit Duvessa. You burn Duvessa. Duvessa hits you but does no damage.
Duvessa hits you with a +0 short sword!
* * * LOW HITPOINT WARNING * * *
You have reached level 7!
As you read the scroll labelled MIUNUNU VUQO, it crumbles to dust.
A profound silence engulfs you.
It was a scroll of silence.
Duvessa completely misses you.
It was a potion of degeneration.
There was something very wrong with that liquid.
You feel weakened.
You feel dopey.
You feel clumsy. Duvessa hits you with a +0 short sword!
You die...

####### # #.....# ## #.....#
#. #....e########## ###.
########....@>........####...
#.........>.).#######......##
#.######.......##.....######
#.# ###..#....>###....####
#.#########......#######....#
#............###....#####....
#..........########.#.....#.#
#...................).###..<.
#..............#####†####....


You could see Duvessa (berserk).

Vanquished Creatures
  Menkaure (D:3)
  Dowan (D:3)
  An orc priest (D:3)
  A hound (D:4)
  A jelly (D:4)
  Terence (D:2)
  6 gnolls (D:4)
  5 adders
  2 worms (D:2)
  A dart slug (D:2)
  4 orcs (D:3)
  4 ball pythons
  2 endoplasms
  2 giant cockroaches
  5 goblins
  6 hobgoblins
  5 jackals
  3 quokkas
  12 bats
  5 frilled lizards
  3 kobolds (D:2)
  8 rats
79 creatures vanquished.

Vanquished Creatures (others)
  23 foxfires
23 creatures vanquished.

Grand Total: 102 creatures vanquished

Notes
Turn   | Place    | Note
-------+----------+-------------------------------------------
     0 | D:1      | Inarius the Hill Orc Cinder Acolyte began the quest for the
                  | Orb.
     0 | D:1      | Reached XP level 1. HP: 19/19 MP: 2/2
   154 | D:1      | Reached XP level 2. HP: 27/27 MP: 3/3
   707 | D:2      | Reached XP level 3. HP: 33/33 MP: 4/4
   824 | D:2      | Reached skill level 5 in Axes
   838 | D:2      | Noticed Terence
   853 | D:2      | Killed Terence
   854 | D:2      | Reached XP level 4. HP: 26/41 MP: 5/5
  1018 | D:2      | Reached skill level 1 in Armour
  1553 | D:3      | Reached XP level 5. HP: 20/47 MP: 6/6
  1671 | D:3      | Reached skill level 6 in Axes
  1953 | D:3      | Reached skill level 1 in Dodging
  2091 | D:3      | Found a glowing golden altar of the Shining One.
  2165 | D:3      | Found a hide-covered altar of Uskayaw.
  2165 | D:3      | Found a shimmering altar of Xom.
  2167 | D:3      | Found a blossoming altar of Fedhas.
  2167 | D:3      | Found a shimmering altar of Xom.
  2167 | D:3      | Found a basalt altar of Yredelemnul.
  2369 | D:4      | Noticed Duvessa
  2369 | D:4      | Noticed Dowan
  2407 | D:4      | Noticed Menkaure
  2417 | D:3      | Killed Menkaure
  2418 | D:3      | Reached skill level 5 in Fighting
  2418 | D:3      | Reached skill level 7 in Axes
  2418 | D:3      | Reached XP level 6. HP: 27/56 MP: 7/7
  2835 | D:3      | Killed Dowan
  2836 | D:3      | Reached XP level 7. HP: 3/61 MP: 8/8
  2837 | D:3      | Mangled by Duvessa

Illustrated notes

Levels and vault maps discovered:
D:1:      ldierk_walled_garden, layout_basic, serial_rivers,
          chequers_serial_rivers_micro_d, chequers_serial_rivers_room_a,
          chequers_serial_rivers_small_3, chequers_serial_rivers_room_b,
          chequers_serial_rivers_micro_d
D:2:      layout_rooms, uniq_terence
D:3:      layout_rooms, doesnt_xom_only_xom
D:4:      layout_rooms, uniq_duvessa, uniq_menkaure, uniq_ijyb

Skill      XL: |  1  2  3  4  5  6 |
---------------+-------------------+-----
Fighting       | 4 5 |  5.2
Axes           | 5 7 |  7.5
Armour         | 1 2 3 |  3.4
Dodging        | 1 |  1.5
Spellcasting   | |  1.0
Fire Magic     | |  3.3

Action                     |  1- 3 |  4- 6 |  7- 9 || total
---------------------------+-------+-------+-------++-------
  Melee: Hand axe          |    93 |   207 |       ||   300
         Punch             |     2 |     2 |       ||     4
 Invoke: Fiery Armour      |       |     1 |       ||     1
         Foxfire Swarm     |       |     2 |       ||     2
    Use: Potion            |       |     1 |     1 ||     2
         Scroll            |       |       |     1 ||     1
 Armour: Leather armour    |    46 |       |       ||    46
         Robe              |     3 |       |       ||     3
         Ring mail         |    12 |       |       ||    12
         Scale mail        |       |    55 |       ||    55
         Chain mail        |       |   138 |     1 ||   139
  Dodge: Dodged            |    57 |   111 |     1 ||   169

Table legend: (Time is in decaauts)
 A = Elapsed time spent in this place.
 B = Non-inter-level travel time spent in this place.
 C = Inter-level travel time spent in this place.
 D = Time resting spent in this place.
 E = Time spent auto-exploring this place.
 F = Levels seen in this place.
 G = Mean time per level.
                   A        B        C        D        E       F      G
               +--------+--------+--------+--------+--------+-----+--------+
         Total |   2851 |   2727 |    124 |    498 |   1539 |   4 |  712.8 |
       Dungeon |   2851 |   2727 |    124 |    498 |   1539 |   4 |  712.8 |
               +--------+--------+--------+--------+--------+-----+--------+

Top non-repeatable levels by time:
     D:3: 1029 daAuts
     D:2: 755 daAuts
     D:1: 712 daAuts
     D:4: 354 daAuts
